 Dungeon Crawl Stone Soup version 0.28.0-53-g5a82cb258f (webtiles) character file.

Game seed: 1759294223210928728

164 issech the Chopper (level 5, -8/47 HPs)
             Began as a Minotaur Monk on May 28, 2022.
             Mangled by Ijyb
             ... wielding a +4 spectral club
              (9 damage)
             ... on level 4 of the Dungeon.
             The game lasted 00:06:59 (3489 turns).

issech the Chopper (Minotaur Monk)                  Turns: 3489, Time: 00:07:00

Health: -8/47      AC:  6    Str: 15    XL:     5   Next: 21%
Magic:  4/4        EV: 11    Int:  7    God:
Gold:   110        SH:  0    Dex: 15    Spells: 4/4 levels left

rFire   . . .      SeeInvis .   e - +0 war axe
rCold   . . .      Faith    .   (no shield)
rNeg    . . .      Spirit   .   s - +0 scale mail
rPois   .          Reflect  .   (helmet restricted)
rElec   .          Harm     .   (no cloak)
rCorr   .          Rampage  .   (no gloves)
Will    .....                   (no boots)
Stlth   +.........              (no amulet)
HPRegen 0.15/turn               (no ring)
MPRegen 0.09/turn               (no ring)

@: no status effects
A: horns 2, retaliatory headbutt
a: no special abilities


You were on level 4 of the Dungeon.
You visited 1 branch of the dungeon, and saw 4 of its levels.

You collected 110 gold pieces.

Inventory:

Hand Weapons
 a - a +0 hand axe
 e - a +0 war axe (weapon)
 j - a +0 dagger
 m - a +0 short sword
 n - a +1 dagger of flaming
Missiles
 g - 117 stones (quivered)
 l - 38 bolts
 o - 35 arrows
 y - 26 sling bullets
Armour
 b - a +0 robe
 d - a +0 ring mail
 s - a +0 scale mail (worn)
 A - the +1 leather armour of the Other Side {Dex+3}
   (You found it on level 4 of the Dungeon)

   Dex:       It affects your dexterity (+3).
Magical Staves
 q - a staff of death
Jewellery
 z - a +6 ring of dexterity
Wands
 B - a wand of mindburst (14)
Scrolls
 f - 2 scrolls of immolation
 i - 3 scrolls of amnesia {unknown}
 t - 2 scrolls of teleportation {unknown}
 v - 3 scrolls of identify {unknown}
 w - a scroll of silence {unknown}
 x - a scroll of magic mapping {unknown}
 C - a scroll of enchant armour {unknown}
Potions
 c - 3 potions of mutation {unknown}
 h - a potion of cancellation {unknown}
 k - a potion of heal wounds {unknown}
 p - 2 potions of attraction {unknown}
 r - a potion of curing {unknown}
 u - 2 potions of ambrosia {unknown}


   Skills:
 + Level 4.4 Fighting
 + Level 5.4 Axes
 + Level 2.6 Armour
 + Level 3.9 Dodging
 + Level 1.6 Stealth


You had 4 spell levels left.
You didn't know any spells.
Your spell library contained the following spells:

 Spells                   Type           Power      Damage    Failure   Level
 Corpse Rot               Necr/Air       0%         N/A       95%         2
 Dispel Undead            Necr           0%         3d6       100%        4
 Death Channel            Necr           0%         N/A       100%        6


Dungeon Overview and Level Annotations

Branches:
Dungeon (4/15)
 Temple: D:4-7

Altars:
Kikubaaqudgha
Sif Muna

Annotations:
D:2 Sigmund
D:4 Ijyb


Innate Abilities, Weirdness & Mutations

You have a pair of horns on your head.
You reflexively headbutt those who attack you in melee.


Message History

The hobgoblin hits you but does no damage.
You slash the hobgoblin!
You kill the hobgoblin!
g - 117 stones (gained 19);
B - a wand of mindburst (14)
C - a scroll labelled BAEWAE EBUNLU You see here a hobgoblin corpse.
You see here a hobgoblin corpse.
l - 38 bolts (gained 17)
c - 3 golden potions (gained 2)
Found an ichor-stained chain mail.
Ijyb the Twisted Goblin comes into view.
She is wielding a +4 spectral club, wearing a +0 scale mail of willpower and carrying a wand of paralysis (11).
Ijyb shouts!
Ijyb zaps a wand.
You suddenly lose the ability to move!
Ijyb drinks a potion.
Ijyb goes berserk!
Ijyb rages.
Ijyb hits you with a +4 spectral club. Ijyb hits you with a +4 spectral club!
Ijyb barely misses you. Ijyb hits you with a +4 spectral club.
You can move again.
You see here 13 gold pieces.
You hit Ijyb but do no damage. Your headbutt misses Ijyb.
Ijyb hits you with a +4 spectral club! Ijyb hits you with a +4 spectral club.
Unknown command.
You hit Ijyb.
Ijyb is lightly wounded.
Ijyb hits you with a +4 spectral club. x2
* * * LOW HITPOINT WARNING * * *
Unknown command.
Unknown command.
You hit Ijyb but do no damage.
Ijyb is lightly wounded.
Ijyb hits you with a +4 spectral club.
* * * LOW HITPOINT WARNING * * *
Ijyb closely misses you. You furiously retaliate!
You headbutt Ijyb! You barely miss Ijyb.
Ijyb is moderately wounded.
Ijyb hits you with a +4 spectral club.
* * * LOW HITPOINT WARNING * * *
Ijyb hits you with a +4 spectral club!
You die...

#.......##
##.......##
#.......#
##.....##
#######.#
##...##
####.##### ##+#
#........# #.#
#.##.###[# #.#
# #.# ##.##
#.###.####...##
#@g.....#.....
#####.#.##...
####
#.###.###...
#...........
#####.###...
#.# #### #†#
#.# #.#


You could see Ijyb (berserk).

Vanquished Creatures
  2 vampire bats (D:3)
  3 adders
  A worm (D:3)
  10 ball pythons
  3 bat skeletons (D:3)
  A bat zombie (D:3)
  An endoplasm (D:1)
  2 giant cockroaches (D:1)
  6 goblins
  5 hobgoblins
  5 jackals
  5 bats
  5 kobolds
  4 rats
53 creatures vanquished.

Notes
Turn   | Place    | Note
-------+----------+-------------------------------------------
     0 | D:1      | issech the Minotaur Monk began the quest for the Orb.
     0 | D:1      | Reached XP level 1. HP: 19/19 MP: 0/0
    98 | D:1      | Found a faded altar of an unknown god.
   110 | D:1      | Reached skill level 4 in Axes
   161 | D:1      | Reached XP level 2. HP: 16/27 MP: 1/1
  1095 | D:2      | Found a shimmering blue altar of Sif Muna.
  1347 | D:2      | Reached XP level 3. HP: 33/33 MP: 2/2
  1560 | D:2      | Noticed Sigmund
  2170 | D:3      | Reached skill level 1 in Armour
  2610 | D:3      | Found an ancient bone altar of Kikubaaqudgha.
  2615 | D:3      | Reached skill level 5 in Axes
  2615 | D:3      | Reached XP level 4. HP: 37/40 MP: 3/3
  2617 | D:3      | Reached XP level 5. HP: 44/47 MP: 4/4
  2926 | D:4      | Identified the +1 leather armour of the Other Side {Dex+3}
  3479 | D:4      | Noticed Ijyb
  3479 | D:4      | Paralysed by Ijyb for 7 turns
  3489 | D:4      | HP: 1/47 [Ijyb/+4 spectral club (5)]
  3489 | D:4      | Mangled by Ijyb

Illustrated notes

Levels and vault maps discovered:
D:1:      lightli_arrival_isolated_outpost, layout_basic,
          hellmonk_ecumenical_altar_blasted
D:2:      layout_basic, basic_altar, uniq_crazy_yiuf_cottage, uniq_sigmund
D:3:      layout_loops_cross, kennysheep_vampire_church
D:4:      layout_loops_corners, uniq_ijyb, uniq_duvessa

Skill      XL: |  1  2  3 |
---------------+----------+-----
Axes           | 4 5 |  5.4
Fighting       | 4 |  4.4
Armour         | 2 |  2.6
Dodging        | |  3.9
Stealth        | |  1.6

Action                   |  1- 3 |  4- 6 || total
-------------------------+-------+-------++-------
Melee: War axe           |    82 |    23 ||   105
       Hand axe          |     5 |       ||     5
       Headbutt          |    11 |     1 ||    12
       Dagger            |     3 |       ||     3
Armor: Ring mail         |    23 |       ||    23
       Scale mail        |    34 |    12 ||    46
Dodge: Dodged            |    66 |     9 ||    75
